 Dungeon Crawl Stone Soup version 0.18.1-48-g4cf74bf (webtiles) character file.

1155 Melfield the Ducker (level 8, -1/70 HPs)
             Began as a Pale Draconian Berserker on Aug 11, 2016.
             Was a Priest of Trog.
             Slain by a gnoll
             ... wielding a cursed +0 club
              (6 damage)
             ... on level 6 of the Dungeon.
             The game lasted 00:14:19 (3598 turns).

Melfield the Ducker (Pale Draconian Berserker)      Turns: 3598, Time: 00:14:20

Health: -1/70      AC:  6    Str: 22 (25) XL:     8   Next: 16%
Magic:  6/8        EV: 12    Int: 10 (13) God:    Trog [***...]
Gold:   162        SH:  2    Dex:  5 (7)  Spells: 0 memorised, 7 levels left

rFire  . . .     SeeInvis +     r - +7 long sword "Suot" {slice, +Blink rElec Int+5 Dex-5}
rCold  . . .     Gourm    .     (armour unavailable)
rNeg   . . .     Faith    .     l - +0 buckler
rPois  .         Spirit   .     (helmet restricted)
rElec  +         Dismiss  .     (no cloak)
rCorr  +         Reflect  .     (no gloves)
SustAt .         Harm     .     (no boots)
MR     .....                    (no amulet)
Stlth  +.........               d - ring of see invisible
                                n - ring of resist corrosion

@: mighty, exhausted, not resistant to hostile enchantments, very unstealthy
A: breathe steam, unfitting armour, cold-blooded, AC +6
a: Breathe Steam, Berserk, Trog's Hand, Burn Spellbooks, Renounce Religion,
Evoke Blink


You were on level 6 of the Dungeon.
You worshipped Trog.
Trog was most pleased with you.
You were not hungry.

You visited 1 branch of the dungeon, and saw 6 of its levels.

You collected 162 gold pieces.

Inventory:

Hand Weapons
 a - a +0 hand axe
 r - the +7 long sword "Suot" (weapon) {slice, +Blink rElec Int+5 Dex-5}
   (You found it on level 5 of the Dungeon)

   It inflicts extra damage upon your enemies.
   It affects your intelligence (+5).
   It affects your dexterity (-5).
   It insulates you from electricity.
   It lets you blink.
Armour
 l - a +0 buckler (worn)
 q - a +0 centaur barding
Jewellery
 d - a ring of see invisible (right hand)
 n - a ring of resist corrosion (left hand)
 s - an uncursed ring of wizardry {unknown}
Wands
 t - a wand of flame (30/48)
Scrolls
 f - a scroll of amnesia {unknown}
 g - a scroll of remove curse {unknown}
 h - 5 scrolls of teleportation {unknown}
 i - 4 scrolls of identify {unknown}
 k - a scroll of enchant armour {unknown}
 m - a scroll of noise {unknown}
Potions
 e - a potion of cancellation
 j - a potion of degeneration
 o - 3 potions of curing {unknown}
 u - a potion of berserk rage {unknown}
 x - a potion of mutation {unknown}
Books
 w - a book of Callings

   Spells                             Type                      Level
   a - Summon Small Mammal            Summoning                    1
   b - Call Imp                       Summoning                    2
   c - Call Canine Familiar           Summoning                    3
   d - Summon Guardian Golem          Hexes/Summoning              3
   e - Summon Lightning Spire         Summoning/Air                4
   f - Summon Ice Beast               Ice/Summoning                4
   Trog disapproves of the use of such an item.
Comestibles
 v - a royal jelly


   Skills:
 + Level 5.8 Fighting
 + Level 0.2 Long Blades
 + Level 6.1 Axes
 + Level 6.2 Dodging
 + Level 2.2 Stealth
 + Level 0.2 Shields


You had 7 spell levels left.
You didn't know any spells.

Dungeon Overview and Level Annotations

Branches:
Dungeon (6/15)             Temple (0/1) D:4

Altars:
Dithmenos
Elyvilon
Makhleb


Innate Abilities, Weirdness & Mutations

You can breathe blasts of scalding, opaque steam.
Your pale cyan-grey scales are hard (AC +6).
Your body does not fit into most forms of armour.
You are cold-blooded and may be slowed by cold attacks.


Message History

Your magical effects are unravelling.
Your magical contamination has completely faded away.
You feel magically purged.
You feel yourself speed up.
You feel yourself slow down. The gnoll hits you but does no damage.
The adder zombie closely misses you.
Drink which item? (? for menu, Esc to quit)
It was a potion of degeneration.
There was something very wrong with that liquid.
You feel weakened.
You feel dopey.
You feel clumsy. The gnoll hits you with a club.
* * * LOW HITPOINT WARNING * * *
The adder zombie misses you. The gnoll hits you with a club!
* * * LOW HITPOINT WARNING * * *
Drink which item? (? for menu, Esc to quit)
It was a potion of might.
You feel very mighty all of a sudden. The gnoll hits you but does no damage.
The adder zombie bites you.
* * * LOW HITPOINT WARNING * * *
The gnoll hits you with a club.
You die...

...... #.!.... ##.......
####......!.
#######...........
#.........[.......
#######<###.)#ogo.....<.
...o.)..##.)..Fg@Z..[...
...)o.......##o#........
...))......#...#........
#..:####................
#... #..#######........
#... ...## ###......
#.....#. ##.... #.....#.
#... #..o


You could see a giant frog, 2 gnolls, 3 orcs and an adder zombie.

Vanquished Creatures
  The ghost of Melfield the Ducker, an amateur TrBe of Trog (D:4)
  3 ogres
  The ghost of Galewind the Conjurer, an amateur DECj (D:3)
  2 crimson imps (D:5)
  A hound (D:5)
  A jelly (D:6)
  4 orc priests
  6 orc wizards
  A worker ant (D:5)
  An iguana (D:6)
  3 adders
  A gnoll (D:6)
  A shadow imp (D:5)
  2 oozes
  An adder skeleton (D:5)
  2 worms
  A dart slug (D:3)
  A giant gecko (D:3)
  13 orcs
  4 giant cockroaches
  4 goblins
  2 hobgoblins (D:3)
  7 ball pythons
  5 bats
  A giant cockroach zombie (D:6)
  A giant gecko zombie (D:6)
  6 giant newts
  A jackal skeleton (D:4)
  4 kobolds
  A quokka skeleton (D:5)
  5 rats
  A plant (D:1)
88 creatures vanquished.

Notes
Turn   | Place    | Note
--------------------------------------------------------------
     0 | D:1      | Melfield the Draconian Berserker began the quest for the Orb.
     0 | D:1      | Reached XP level 1. HP: 19/19 MP: 1/1
   180 | D:1      | Reached XP level 2. HP: 23/26 MP: 2/2
   359 | D:1      | Reached ** piety under Trog
   591 | D:2      | Reached XP level 3. HP: 30/31 MP: 3/3
   661 | D:2      | Found a white marble altar of Elyvilon.
   920 | D:3      | Reached XP level 4. HP: 40/40 MP: 4/4
  1093 | D:3      | Reached XP level 5. HP: 46/46 MP: 5/5
  1323 | D:3      | Noticed Galewind's ghost (amateur DECj)
  1337 | D:3      | Killed Galewind's ghost
  1337 | D:3      | Reached skill level 1 in Stealth
  1378 | D:3      | Reached *** piety under Trog
  1424 | D:4      | Found a shadowy altar of Dithmenos.
  1573 | D:4      | Noticed an ogre
  1594 | D:4      | Killed an ogre
  1594 | D:4      | Reached XP level 6. HP: 53/53 MP: 6/6
  2066 | D:4      | Found a burning altar of Makhleb.
  2132 | D:4      | Reached skill level 5 in Dodging
  2216 | D:4      | Noticed Melfield's ghost (amateur TrBe)
  2238 | D:4      | Killed Melfield's ghost
  2238 | D:4      | Reached skill level 5 in Fighting
  2238 | D:4      | Reached skill level 5 in Axes
  2238 | D:4      | Your scales start taking on a pale cyan-grey colour.
  2238 | D:4      | Reached XP level 7. HP: 37/61 MP: 7/7
  2273 | D:4      | Found a staircase to the Ecumenical Temple.
  2618 | D:5      | Entered Level 5 of the Dungeon
  2866 | D:5      | Got a brightly glowing long sword
  2867 | D:5      | Identified the +7 long sword "Suot" {slice, +Blink rElec Int+5 Dex-5} (You found it on level 5 of the Dungeon)
  3568 | D:6      | Reached XP level 8. HP: 66/69 MP: 8/8
  3598 | D:6      | Slain by a gnoll

Skill      XL: |  1  2  3  4  5  6  7  8 |
---------------+-------------------------+-----
Dodging        | 3 4 5 6 |  6.2
Axes           | 4 5 6 |  6.1
Fighting       | 4 5 |  5.8
Stealth        | 1 2 |  2.2
Long Blades    | |  0.2
Shields        | |  0.2

Action                   |  1- 3 |  4- 6 |  7- 9 || total
-------------------------+-------+-------+-------++-------
Melee: Hand axe          |   122 |    98 |    29 ||   249
       Tailslap          |    18 |    15 |     5 ||    38
       Long sword        |       |       |    36 ||    36
Invok: Berserk           |     1 |     5 |     2 ||     8
 Abil: Evoke Blink       |       |       |     3 ||     3
       Breathe Steam     |       |       |     1 ||     1
  Use: Potion            |       |       |     4 ||     4
  Eat: Meat ration       |       |     1 |       ||     1
       Bread ration      |       |     1 |     2 ||     3
       Fruit             |       |       |     1 ||     1
       Pizza             |       |       |     1 ||     1
Armor: Skin              |    34 |    26 |    29 ||    89
Dodge: Dodged            |    68 |    48 |    76 ||   192
Block: Buckler           |     1 |    11 |    13 ||    25
